 Dungeon Crawl Stone Soup version 0.31-a0-479-g91c9547826 (webtiles) character file.

Game seed: 5002356369896308625

332 Ethylacetat the Chopper (level 6, -2/33 HPs)
             Began as a Vine Stalker Monk on Aug 7, 2023.
             Engulfed by a steam dragon's steam (9 damage)
             ... on level 4 of the Dungeon.
             The game lasted 00:02:28 (2427 turns).

Ethylacetat the Chopper (Vine Stalker Monk)         Turns: 2427, Time: 00:02:29

Health: -2/33      AC:  6    Str: 16    XL:     6   Next: 52%
Magic:  0/11       EV: 10    Int: 10    God:
Gold:   153        SH:  0    Dex: 16    Spells: 10/10 levels left

rFire   . . .        a - +0 hand axe
rCold   . . .        d - orb {light}
rNeg    . . .        m - +0 scale mail
rPois   .            (no helmet)
rElec   .            (no cloak)
rCorr   +            (no gloves)
SInv    .            (no boots)
Will    .....        (no amulet) Stlth
                     k - ring of resist corrosion
HPRegen 1.05/turn    (no ring)
MPRegen 0.12/turn

%: guardian spirit
@: confused, ambrosia-drunk, glowing
A: fangs 2, regeneration 1, magic shield, antimagic bite, no potion heal 2
a: no special abilities


You were on level 4 of the Dungeon.
You visited 1 branch of the dungeon, and saw 4 of its levels.

You collected 153 gold pieces.

Inventory:

Hand Weapons
 a - a +0 hand axe (weapon)
Armour
 d - an orb of light (worn)
 m - a +0 scale mail (worn)
Jewellery
 k - a ring of resist corrosion (left hand)
Scrolls
 b - a scroll of fog {unknown}
 e - 6 scrolls of identify {unknown}
 g - a scroll of noise {unknown}
 h - 2 scrolls of enchant armour {unknown}
 j - a scroll of revelation {unknown}
 o - a scroll of blinking {unknown}
 p - a scroll of amnesia {unknown}
 q - a scroll of enchant weapon {unknown}
Potions
 f - a potion of cancellation {unknown}
 i - a potion of degeneration {unknown}
 l - a potion of resistance {unknown}
 n - a potion of curing {unknown}
 r - a potion of magic {unknown}


   Skills:
 + Level 4.0 Fighting
 * Level 4.9 Axes
 - Level 2.4 Dodging
 + Level 2.9 Spellcasting


You had 10 spell levels left.
You didn't know any spells.
Your spell library contained the following spells:

 Spells                   Type           Power      Damage    Failure   Level
 Slow                     Hex            4%         N/A       73%         1
 Confusing Touch          Hex            1%         N/A       97%         3
 Ozocubu's Armour         Ice            1%         N/A       97%         3
 Vampiric Draining        Necr           1%         2d6       97%         3
 Ozocubu's Refrigeration  Ice            0%         4d7       100%        7


Dungeon Overview and Level Annotations

Branches:
Dungeon (4/15)
 Temple: D:4-7

Altars:
Hepliaklqana
Sif Muna
Uskayaw


Innate Abilities, Weirdness & Mutations

You have extremely sharp teeth.
Your natural rate of healing is unusually fast.
When hurt, damage is shared between your health and your magic reserves.
Your bite disrupts and absorbs the magic of your enemies.
Potions cannot restore your health.


Message History

You kill the quokka!
No target in view!
Key pressed, stopping explore.
No target in view!
No target in view!
Found a shimmering blue altar of Sif Muna.
No target in view!
A steam dragon comes into view.
The steam dragon hisses angrily.
Found a club.
A steam dragon is nearby!
A steam dragon is nearby!
Found a scroll labelled GOETHIUSEI.
The steam dragon bites you. The steam dragon claws you.
You barely miss the steam dragon. Your bite misses the steam dragon.
The steam dragon breathes steam at you. The ball of steam misses you.
You hit the steam dragon.
The steam dragon is lightly wounded.
You are engulfed in a cloud of scalding steam.
The steam dragon bites you.
The steam dragon claws you but does no damage.
You completely miss the steam dragon.
You are engulfed in a cloud of scalding steam.
The steam dragon bites you but does no damage.
The steam dragon claws you.
Found a scroll labelled GYENLU WISE.
The steam dragon bites you! The steam dragon claws you.
You see here a scroll labelled JORERHEKLI.
You hit the steam dragon.
You bite the steam dragon, but do no damage.
The steam dragon is lightly wounded.
The steam dragon bites you.
* * * LOW HITPOINT WARNING * * *
The steam dragon barely misses you.
Okay, then.
You are confused.
Your system rejects the healing.
You feel invigorated.
You are engulfed in a cloud of scalding steam.
You die...

#. #### .##
.#
...?###+#..
...
..........#
#.###
.........)+
....
..........
#..
......§§.#
#..
?.≈≈≈≈§..#
#..
..≈☼○≈≈@D#
#.#
....§≈°..#
#.#
..≈≈≈≈≈..#
#.#
#.≈≈≈≈≈..#
#.#
.........#
#.#
...#####.#
#.# ### #§#
#.# #.# #..
#.# #..


You could see a steam dragon.

Vanquished Creatures
  Menkaure (D:4)
  A phantom (D:4)
  An iguana (D:4)
  4 adders
  A worm (D:2)
  2 dart slugs
  An orc (D:3)
  8 endoplasms
  2 giant cockroaches
  8 goblins
  7 hobgoblins
  4 jackals (D:2)
  7 kobolds
  4 quokkas
  2 ball pythons (D:4)
  6 bats
  4 frilled lizards
  3 rats (D:1)
66 creatures vanquished.

Notes
Turn   | Place    | Note
-------+----------+-------------------------------------------
     0 | D:1      | Ethylacetat the Vine Stalker Monk began the quest for the
                  | Orb.
     0 | D:1      | Reached XP level 1. HP: 11/11 MP: 2/2
    62 | D:1      | Reached XP level 2. HP: 16/16 MP: 3/3
   335 | D:1      | Reached skill level 1 in Spellcasting
   353 | D:1      | Reached XP level 3. HP: 12/19 MP: 2/5
   680 | D:2      | Found a faded altar of an unknown god.
  1037 | D:2      | Gained mutation: Your natural rate of healing is unusually
                  | fast. [Vine Stalker growth]
  1037 | D:2      | Reached XP level 4. HP: 15/24 MP: 5/7
  2139 | D:4      | Noticed Menkaure
  2139 | D:4      | Noticed a phantom
  2147 | D:4      | Killed Menkaure
  2148 | D:4      | Reached XP level 5. HP: 11/29 MP: 4/9
  2151 | D:4      | Killed a phantom
  2152 | D:4      | Reached XP level 6. HP: 14/33 MP: 7/11
  2203 | D:4      | Found a hide-covered altar of Uskayaw.
  2205 | D:4      | Found a hazy altar of Hepliaklqana.
  2416 | D:4      | Found a shimmering blue altar of Sif Muna.
  2418 | D:4      | Noticed a steam dragon
  2427 | D:4      | Engulfed by a steam dragon's steam

Illustrated notes

Levels and vault maps discovered:
D:1:      psy_arrival_statuary, layout_loops_ring, feat_on_display
D:2:      layout_rooms, shapermc_ecumenical_altar_gd, grunt_ministairs_4,
          minmay_octomino_j4
D:3:      layout_basic
D:4:      layout_basic, mainiacjoe_overflow_catwalk_spiral,
          nicolae_sif_muna_condensation, uniq_natasha, uniq_menkaure,
          uniq_blork_the_orc

Skill      XL: |  1  2  3  4  5  6 |
---------------+-------------------+-----
Axes           | 3 4 |  4.9
Spellcasting   | 1 2 |  2.9
Fighting       | 3 4 |  4.0
Dodging        | |  2.4

Action                     |  1- 3 |  4- 6 || total
---------------------------+-------+-------++-------
  Melee: Hand axe          |    60 |    81 ||   141
         Bite              |    20 |    26 ||    46
    Use: Potion            |       |     1 ||     1
 Armour: Robe              |     7 |     2 ||     9
         Scale mail        |       |    30 ||    30
  Dodge: Dodged            |    35 |    40 ||    75

Table legend: (Time is in decaauts)
 A = Elapsed time spent in this place.
 B = Non-inter-level travel time spent in this place.
 C = Inter-level travel time spent in this place.
 D = Time resting spent in this place.
 E = Time spent auto-exploring this place.
 F = Levels seen in this place.
 G = Mean time per level.
                   A        B        C        D        E       F      G
               +--------+--------+--------+--------+--------+-----+--------+
         Total |   2441 |   2398 |     43 |      0 |   2007 |   4 |  610.2 |
       Dungeon |   2441 |   2398 |     43 |      0 |   2007 |   4 |  610.2 |
               +--------+--------+--------+--------+--------+-----+--------+

Top non-repeatable levels by time:
     D:2: 829 daAuts
     D:1: 679 daAuts
     D:3: 612 daAuts
     D:4: 320 daAuts
